 Dungeon Crawl Stone Soup version 0.23.0 (webtiles) character file.

Game seed: 5309056453250723208

318994 DrEnzyme the Executioner (level 20, -20/180 HPs)
             Began as a Deep Dwarf Fire Elementalist on Feb 15, 2019.
             Was the Champion of Makhleb.
             Killed from afar by a storm dragon (35 damage)
             ... with a bolt of lightning
             ... on level 2 of the Depths.
             The game lasted 02:32:53 (41578 turns).

DrEnzyme the Executioner (DDFE)                    Turns: 41578, Time: 02:32:53

Health: -20/180    AC: 39    Str: 18    XL:     20   Next: 59%
Magic:  20/20      EV: 12    Int: 17    God:    Makhleb [******]
Gold:   2895       SH: 21    Dex: 15    Spells: 22/23 levels left

rFire    + . .     SeeInvis +   a - +8 broad axe (freeze)
rCold    + . .     Gourm    +   Z - +0 large shield
rNeg     + . .     Faith    .   P - +5 chain mail {rF+}
rPois    +         Spirit   .   Y - +2 hat {MR+}
rElec    .         Reflect  .   F - +1 cloak of Misanthropy {Slay+2 SInv}
rCorr    .         Harm     .   k - +2 pair of gloves of Noon {+Inv rPois Int-2 Slay+2}
MR       ++++.                  J - +2 pair of boots
Stlth    ..........             q - amulet "Ogai" {Gourm +Blink}
HPRegen  0.00/turn              r - +5 ring of protection
MPRegen  0.17/turn              t - ring of protection from cold

@: very slightly contaminated, non-regenerating, studying Earth Magic
A: damage resistance, heal wounds, beak, horns 1, iridescent scales 1, rugged
brown scales 1, thin metallic scales 1, agile 1, frail 1, negative energy
resistance 1, sense surroundings 3, evolution 2, no regeneration
}: 2/15 runes: decaying, gossamer
a: Heal Wounds, Minor Destruction, Lesser Servant of Makhleb, Major Destruction,
Greater Servant of Makhleb, Renounce Religion, Evoke Blink, Evoke Invisibility


You were on level 2 of the Depths.
You worshipped Makhleb.
Makhleb was exalted by your worship.
You were not hungry.

You visited 8 branches of the dungeon, and saw 38 of its levels.
You visited the Abyss 1 time.
You visited 1 bazaar.
You also visited: Gauntlet.

You collected 3839 gold pieces.
You spent 944 gold pieces at shops.

Inventory:

Hand Weapons
 a - a +8 broad axe of freezing (weapon)
 b - the +0 broad axe "Lixkes" {pain, +Fly rElec Int+5 Stlth-}
   (You found it on level 6 of the Dungeon)

   In the hands of one skilled in necromantic magic, it inflicts extra damage on
   living creatures.
   It affects your intelligence (+5).
   It insulates you from electricity.
   It lets you fly.
   It makes you less stealthy.
 d - a +2 morningstar of flaming
Missiles
 u - 24 javelins (quivered)
Armour
 k - the +2 pair of gloves of Noon (worn) {+Inv rPois Int-2 Slay+2}
   (You found it in a Gauntlet)

   It affects your intelligence (-2).
   It affects your accuracy and damage with ranged weapons and melee attacks
   (+2).
   It protects you from poison.
   It lets you turn invisible.
 F - the +1 cloak of Misanthropy (worn) {Slay+2 SInv}
   (You bought it in a shop in a bazaar)

   It affects your accuracy and damage with ranged weapons and melee attacks
   (+2).
   It lets you see invisible.
 H - the +4 hat "Ufuur" {rF+ Stlth+}
   (You found it on level 4 of the Vaults)

   It protects you from fire.
   It makes you more stealthy.
 J - a +2 pair of boots (worn)
 P - a +5 chain mail of fire resistance (worn)
 Y - a +2 hat of magic resistance (worn)
 Z - a +0 large shield (worn)
Jewellery
 q - the amulet "Ogai" (around neck) {Gourm +Blink}
   (You found it on level 2 of the Spider Nest)

   [amulet of the gourmand]

   It allows you to eat raw meat even when not hungry.
   It lets you blink.
 r - a +5 ring of protection (left hand)
 t - a ring of protection from cold (right hand)
 v - an uncursed ring of protection from magic
 x - an uncursed ring of resist corrosion
 y - the ring of the First Wars {rF+ Dex+8}
   (You found it on level 2 of the Lair of Beasts)

   [ring of protection from fire]

   It affects your dexterity (+8).
   It protects you from fire.
Wands
 c - a wand of enslavement (13)
 m - a wand of acid (14)
 z - a wand of flame (73)
 A - a wand of iceblast (9)
 E - a wand of digging (7)
 O - a wand of polymorph (28)
 R - a wand of clouds (6)
Scrolls
 h - 7 scrolls of remove curse
 i - 3 scrolls of identify
 j - 4 scrolls of fear
 o - 5 scrolls of immolation
 p - 7 scrolls of fog
 K - 2 scrolls of blinking
 T - 4 scrolls of magic mapping
 U - 8 scrolls of teleportation
 W - 3 scrolls of enchant armour
Potions
 e - 3 potions of resistance
 g - 7 potions of mutation
 l - 5 potions of cancellation
 n - 3 potions of agility
 s - 7 potions of haste
 B - 4 potions of invisibility
 D - 3 potions of flight
 G - 6 potions of might
 L - 14 potions of curing
 Q - 8 potions of ambrosia
 X - 5 potions of heal wounds
Books
 w - a manual of Earth Magic
Miscellaneous
 C - 2 phantom mirrors
 N - a lamp of fire
 S - a lightning rod (4/4)
 V - a box of beasts
Comestibles
 f - 53 rations


   Skills:
 + Level 15.2 Fighting
 + Level 22.3(22.4) Axes
 - Level 1.1(14.2) Maces & Flails
 + Level 13.6 Armour
 + Level 10.0 Dodging
 - Level 2.4 Stealth
 + Level 18.9 Shields
 - Level 2.1 Spellcasting
 - Level 0.8 Conjurations
 - Level 3.2 Fire Magic
 - Level 11.2 Invocations
 * Level 9.2 Evocations


You had 22 spell levels left.
You knew the following spells:

 Your Spells              Type           Power        Failure   Level  Hunger
a - Flame Tongue          Conj/Fire      #....        77%         1    #......

Your spell library contained the following spells:

 Spells                   Type           Power        Failure   Level  Hunger
 Throw Flame              Conj/Fire      #.....       88%         2    ###....
 Magic Dart               Conj           #...         90%         1    #......
 Sting                    Conj/Pois      #...         94%         1    #......
 Animate Skeleton         Necr           N/A          96%         1    #......
 Apportation              Tloc           #.....       96%         1    #......
 Beastly Appendage        Tmut           #.....       96%         1    #......
 Confusing Touch          Hex            #.....       96%         1    #......
 Freeze                   Ice            #...         96%         1    #......
 Infusion                 Chrm           #...         96%         1    #......
 Summon Butterflies       Summ           #.......     96%         1    #......
 Summon Small Mammal      Summ           #...         96%         1    #......
 Searing Ray              Conj           #.....       97%         2    ###....
 Throw Frost              Conj/Ice       #.....       98%         2    ###....
 Conjure Flame            Conj/Fire      #.......     98%         3    ###....
 Call Imp                 Summ           #.......     99%         2    ###....
 Poisonous Vapours        Pois/Air       #.....       99%         2    ###....
 Shroud of Golubria       Chrm/Tloc      #.........   99%         2    ###....
 Song of Slaying          Chrm           #.......     99%         2    ###....
 Sticks to Snakes         Tmut           #.......     99%         2    ###....
 Sublimation of Blood     Necr           #.........   99%         2    ###....
 Ignite Poison            Fire/Tmut/Pois #.......     99%         3    ###....
 Inner Flame              Hex/Fire       #.......     99%         3    ###....
 Call Canine Familiar     Summ           #.......     100%        3    ###....
 Confuse                  Hex            #.......     100%        3    ###....
 Dazzling Spray           Conj/Hex       #.....       100%        3    ###....
 Gell's Gravitas          Tloc           #.........   100%        3    ###....
 Lesser Beckoning         Tloc           #.........   100%        3    ###....
 Mephitic Cloud           Conj/Pois/Air  #.......     100%        3    ###....
 Ozocubu's Armour         Chrm/Ice       #.......     100%        3    ###....
 Spectral Weapon          Hex/Chrm       #.......     100%        3    ###....
 Spider Form              Tmut/Pois      #.........   100%        3    ###....
 Summon Guardian Golem    Hex/Summ       #.......     100%        3    ###....
 Tukima's Dance           Hex            #.......     100%        3    ###....
 Vampiric Draining        Necr           #.........   100%        3    ###....
 Animate Dead             Necr           N/A          100%        4    #####..
 Cause Fear               Hex            #.........   100%        4    #####..
 Force Lance              Conj/Tloc      #.......     100%        4    #####..
 Fulminant Prism          Conj/Hex       #.........   100%        4    #####..
 Ice Form                 Ice/Tmut       #.......     100%        4    #####..
 Iskenderun's Mystic Bla  Conj           #.......     100%        4    #####..
 Olgreb's Toxic Radiance  Pois           #.......     100%        4    #####..
 Petrify                  Tmut/Erth      #.......     100%        4    #####..
 Sticky Flame             Conj/Fire      #.......     100%        4    #####..
 Summon Ice Beast         Ice/Summ       #.......     100%        4    #####..
 Summon Lightning Spire   Summ/Air       #.......     100%        4    #####..
 Throw Icicle             Conj/Ice       #.......     100%        4    #####..
 Alistair's Intoxication  Tmut/Pois      #.......     100%        5    ######.
 Blade Hands              Tmut           #.........   100%        5    ######.
 Bolt of Magma            Conj/Fire/Erth #.........   100%        5    ######.
 Dispel Undead            Necr           #.......     100%        5    ######.
 Fireball                 Conj/Fire      #.........   100%        5    ######.
 Iskenderun's Battlesphe  Conj/Chrm      #.......     100%        5    ######.
 Metabolic Englaciation   Hex/Ice        #.........   100%        5    ######.
 Summon Mana Viper        Hex/Summ       #.......     100%        5    ######.
 Venom Bolt               Conj/Pois      #.........   100%        5    ######.
 Yara's Violent Unravell  Hex/Tmut       #.........   100%        5    ######.
 Bolt of Fire             Conj/Fire      #.........   100%        6    #######
 Invisibility             Hex            #.......     100%        6    #######
 Iron Shot                Conj/Erth      #.........   100%        6    #######
 Dragon Form              Tmut           #.........   100%        7    #######
 Orb of Destruction       Conj           #.........   100%        7    #######
 Ring of Flames           Chrm/Fire      #.........   100%        7    #######
 Spellforged Servitor     Conj/Summ      #.........   100%        7    #######
 Summon Hydra             Summ           #.........   100%        7    #######
 Ignition                 Fire           ##........   100%        8    #######
 Dragon's Call            Summ           #.........   100%        9    #######
 Regeneration             Chrm/Necr      Unusable     N/A         3    N/A

Dungeon Overview and Level Annotations

Branches:
Dungeon (15/15)            Temple (1/1) D:6            Lair (6/6) D:11
  Swamp (4/4) Lair:4       Spider (4/4) Lair:2        Slime (0/5) Lair:6
    Orc (2/2) D:12            Elf (0/3) Orc:2        Vaults (4/5) D:13
  Crypt (0/3) Vaults:2     Depths (2/5) D:15

Altars:
Ashenzari
Cheibriados
Dithmenos
Elyvilon
Fedhas
Gozag
Hepliaklqana
Kikubaaqudgha
Makhleb
Nemelex Xobeh
Qazlal
Ru
Sif Muna
Trog
Uskayaw
Vehumet
Wu Jian
Xom
Yredelemnul
The Shining One

Shops:
D:14 [   Orc:1 (   Orc:2 %(*(   Depths:2 %

Portals:
Hell: Depths:1 Depths:2
Ziggurat: Depths:1
Trove: D:11 (give horn of Geryon)

Annotations:
D:2 exclusions: 2 downstairs, wight and 1 more exclusion
D:3 1 runed translucent door, exclusion: door, Crazy Yiuf
D:4 exclusion: downstairs
D:5 exclusion: downstairs
D:6 exclusion: downstairs
D:7 exclusion: downstairs
D:8 Joseph
D:9 exclusion: upstairs
D:14 exclusion: ice statue
Lair:1 exclusion: downstairs
Depths:1 exclusion: orange crystal statue


Innate Abilities, Weirdness & Mutations

You are resistant to damage.
You can heal yourself by infusing magical energy.
You resist negative energy. (rN+)
You passively map a large area around you.
You do not regenerate.
You have a beak for a mouth.
You have a pair of small horns on your head.
You are partially covered in iridescent scales. (AC +2)
You are partially covered in rugged brown scales. (AC +1, +3% HP)
You are partially covered in thin metallic scales. (AC +2)
You are agile. (Dex +2)
You are frail. (-10% HP)
You rapidly evolve.


Message History

You hit the storm dragon.
You headbutt the storm dragon, but do no damage.
The storm dragon is severely wounded.
The storm dragon breathes lightning at you.
The bolt of lightning hits you!!!
* * * LOW HITPOINT WARNING * * *
Blink to where?
Press: ? - help, Dir - move target cursor
As you read the scroll of blinking, it crumbles to dust.
The storm dragon breathes lightning at you.
The bolt of lightning hits you!!
* * * LOW HITPOINT WARNING * * *
You hear a shout!
There is an escape hatch in the ceiling here.
You feel much better.
The storm dragon breathes lightning at you.
The bolt of lightning hits you!!
* * * LOW HITPOINT WARNING * * *
The bolt of lightning hits you!!!
You die...

##.####..##.#........# #....#.#..
#........).....#.#...###....#....
#...........#..........######....
.....................##..#.##.#..
#...........#.##.#...##..#.##.#<.
#.#####..##......................
#.#####..##.#.##.....##..#.##....
#.#..................DCC.........
#.#####.###.#.##@#...###.#.##.##8
#.#####.# #.#.##.#...# #.#.##.#..
#.#.....###.#.##.#...###.#.##.#.8
#.#..............................
#.#......#..#.##.#.########...###
#..................# #...#
###......#..######.# #.D.#
#......#..# #.# #..C# #......#..#
#.# ** ####C##


You could see a titan, a storm dragon and a fire giant.

Vanquished Creatures
  An ancient lich (Depths:2)
  Sojobo (Depths:1)
  Arachne (Spider:4)
  2 liches
  Asterion (Vaults:1)
  Gastronok (Lair:3)
  Agnes (Spider:1)
  2 shadow dragons (Depths:2)
  5 tengu reavers
  3 thorn hunters
  A storm dragon (Depths:2)
  5 fire giants
  3 ghost moths
  A frost giant (Vaults:4)
  Louise (Spider:4)
  5 vault wardens
  4 emperor scorpions (Spider:4)
  5 ironheart preservers
  3 entropy weavers
  5 stone giants
  A very ugly thing (Vaults:4)
  2 vampire knights (Depths:2)
  A dire elephant (D:15)
  A minotaur (Gauntlet)
  2 spark wasps (Spider:2)
  The ghost of TrashTierHero the Covert, a journeyman DsGl of Uskayaw (Lair:4)
  5 ettins
  The ghost of tardigrad the Grappler, a journeyman TrMo of Makhleb (D:11)
  4 fire dragons
  4 vault guards (Vaults:1)
  5 yaktaur captains
  Josephine (Spider:1)
  A rakshasa (Vaults:1)
  7 great orbs of eyes
  30 hydras
  5 ice dragons
  A ghost crab (Swamp:1)
  6 centaur warriors
  A merfolk avatar (Lair:6)
  8 ogre magi
  20 two-headed ogres
  4 tengu warriors
  A queen ant (Lair:2)
  3 deep troll shamans
  20 alligators
  A hell hog (Depths:1)
  A titan zombie (Depths:2)
  A spectral spriggan (Depths:2)
  3 orc high priests (Orc:2)
  A spriggan berserker (Swamp:4)
  2 soul eaters (Depths:2)
  A deep elf knight (Vaults:3)
  4 iron trolls (Depths:2)
  Nergalle (Lair:4)
  2 shadow wraiths
  4 sea snakes (Lair:6)
  6 skeletal warriors
  A spriggan druid (Swamp:3)
  6 wizards
  4 unseen horrors
  9 deep trolls
  2 glowing orange brains
  16 orc knights
  12 ironbrand convokers
  A deep elf archer (Vaults:2)
  A phantasmal warrior (D:13)
  2 wolf spider zombies (D:14)
  11 swamp dragons
  Pikel (D:6)
  2 iron dragon zombies
  14 orb spiders
  6 orc sorcerers
  3 deep elf magi
  5 harpies (Vaults:3)
  A necromancer (Depths:1)
  An oklob plant (Lair:1)
  A moth of wrath (shapeshifter) (Vaults:2)
  36 ugly things
  An orb spider (shapeshifter) (Vaults:2)
  5 manticores
  41 wolf spiders
  An iron dragon skeleton (Depths:2)
  A manticore (shapeshifter) (Vaults:2)
  A fire giant zombie (Depths:2)
  3 cyclopes
  8 elephants
  A salamander (D:15)
  A frost giant skeleton (Depths:2)
  A guardian serpent (D:11)
  3 moths of wrath
  A titan simulacrum (Depths:1)
  13 vault sentinels
  2 centaur zombies (D:12)
  2 black mambas
  2 guardian serpents (shapeshifter)
  A torpor snail (Lair:2)
  33 spiny frogs
  A spiny frog (shapeshifter) (Vaults:4)
  2 naga magi (Vaults:4)
  A gargoyle (D:14)
  A spriggan zombie (Depths:2)
  5 rime drakes
  A yaktaur (shapeshifter) (Depths:2)
  6 demonic crawlers
  A rime drake (shapeshifter) (Gauntlet)
  7 komodo dragons
  14 yaktaurs
  A yaktaur skeleton (Depths:1)
  2 tengu conjurers
  A redback zombie (D:14)
  A meliai (shapeshifter) (Vaults:3)
  3 freezing wraiths
  29 jumping spiders
  6 tyrant leeches
  2 queen bees (shapeshifter) (Vaults:4)
  A troll (Vaults:3)
  A shadow dragon simulacrum (Depths:1)
  14 hornets
  12 polar bears
  A wind drake (shapeshifter) (Depths:2)
  15 blink frogs
  16 bog bodies
  31 slime creatures
  Grinder (D:3)
  8 hippogriffs
  Sigmund (D:6)
  2 dream sheep (Lair:2)
  2 water elementals (Depths:1)
  6 wraiths
  7 spriggans
  A shadow (Swamp:2)
  5 wyverns
  A fire giant simulacrum (Vaults:3)
  18 tarantellas
  2 vampires
  An elf zombie (Depths:2)
  2 yaks (shapeshifter)
  5 fire bats (D:10)
  48 redbacks
  45 yaks
  2 basilisks
  2 hungry ghosts
  A neqoxec (D:11)
  29 vampire mosquitoes
  A golden eye (shapeshifter) (Vaults:3)
  15 insubstantial wisps
  8 wargs
  Edmund (D:5)
  11 hell hounds (Depths:1)
  2 acid dragons
  12 swamp worms
  A water moccasin (shapeshifter) (Gauntlet)
  13 soldier ants
  16 water moccasins
  13 porcupines
  A soldier ant (shapeshifter) (Depths:2)
  2 floating eyes (shapeshifter)
  7 ice beasts
  34 orc warriors
  20 swamp drakes
  3 sky beasts
  A spriggan simulacrum (Depths:1)
  3 black bears
  A phantom (D:6)
  29 ogres
  6 boggarts
  A necrophage (D:12)
  23 wolves
  20 centaurs
  A crocodile (shapeshifter) (Gauntlet)
  15 crocodiles
  6 big kobolds
  18 bullfrogs
  3 scorpions
  8 killer bees (D:10)
  4 electric eels
  6 howler monkeys
  8 crimson imps
  2 quasits (D:11)
  A bullfrog zombie (D:5)
  5 lava snakes (D:7)
  An iron imp (Depths:2)
  21 orc priests
  9 hounds
  8 jellies
  A bullfrog skeleton (D:12)
  5 centaur skeletons
  Jessica (D:3)
  31 orc wizards
  2 iguanas
  Ijyb (D:3)
  46 worker ants
  Terence (D:3)
  5 hell rats (Lair:1)
  A killer bee zombie (D:7)
  A hound zombie (D:9)
  3 hound skeletons
  2 worker ant zombies
  A howler monkey zombie (D:5)
  3 gnolls (D:4)
  19 adders
  A howler monkey skeleton (D:4)
  A shadow imp (D:8)
  3 white imps (D:14)
  6 oozes
  2 adder zombies
  3 worms
  2 dart slugs (D:1)
  2 leopard geckos
  93 orcs
  10 giant cockroaches
  10 goblins
  8 hobgoblins
  20 jackals
  A quokka (D:9)
  2 ball pythons
  9 bats
  12 frilled lizards
  A jackal skeleton (D:6)
  23 kobolds
  2 leopard gecko skeletons
  2 leopard gecko zombies
  A quokka zombie (D:5)
  9 rats
  2 bushes
  2 fungi
  5 plants
1548 creatures vanquished.

Vanquished Creatures (others)
  An ironheart preserver (Vaults:4)
  An ettin (Vaults:4)
  A phantasmal warrior (Vaults:4)
  2 orb spiders (Spider:4)
  An ugly thing (Swamp:3)
  An insubstantial wisp (Swamp:3)
  2 boggarts (Depths:1)
  An ogre (Depths:1)
  8 bushes (Lair:1)
  7 fungi
  16 plants
  4 toadstools (D:12)
45 creatures vanquished.

Grand Total: 1593 creatures vanquished

Notes
Turn   | Place    | Note
-------+----------+-------------------------------------------
     0 | D:1      | DrEnzyme the Deep Dwarf Fire Elementalist began the quest
                  | for the Orb.
     0 | D:1      | Reached XP level 1. HP: 15/15 MP: 3/3
   258 | D:1      | Reached XP level 2. HP: 13/22 MP: 4/4
   662 | D:1      | Reached XP level 3. HP: 15/28 MP: 3/6
   955 | D:2      | Reached skill level 1 in Armour
   980 | D:2      | Reached skill level 1 in Maces & Flails
  1046 | D:2      | Reached XP level 4. HP: 31/37 MP: 6/6
  1165 | D:2      | Noticed a moth of wrath
  1168 | D:2      | Found a bloodstained altar of Trog.
  1913 | D:3      | Reached skill level 1 in Axes
  1970 | D:3      | Reached skill level 1 in Fighting
  1996 | D:3      | Noticed Grinder
  2117 | D:3      | Reached XP level 5. HP: 31/44 MP: 7/7
  2184 | D:3      | Found a runed translucent door.
  2185 | D:3      | Noticed Crazy Yiuf
  2281 | D:3      | Noticed Terence
  2348 | D:3      | Noticed Jessica
  2521 | D:3      | Noticed Ijyb
  2594 | D:3      | Killed Ijyb
  2594 | D:3      | Reached skill level 2 in Axes
  2926 | D:4      | Reached skill level 3 in Axes
  2926 | D:4      | Reached XP level 6. HP: 28/51 MP: 6/8
  3220 | D:4      | Noticed Edmund
  3613 | D:5      | Entered Level 5 of the Dungeon
  3678 | D:5      | Reached skill level 4 in Axes
  3774 | D:5      | Killed Edmund
  3774 | D:5      | Reached skill level 1 in Shields
  3774 | D:5      | Reached XP level 7. HP: 31/57 MP: 9/9
  3968 | D:5      | Reached skill level 5 in Axes
  3995 | D:5      | Found a radiant altar of Vehumet.
  4009 | D:5      | Found a shadowy altar of Dithmenos.
  4379 | D:5      | Reached skill level 6 in Axes
  4379 | D:5      | Reached XP level 8. HP: 57/67 MP: 8/8
  4551 | D:6      | Reached skill level 5 in Armour
  4841 | D:6      | Noticed Pikel
  4868 | D:6      | Killed Pikel
  4868 | D:6      | Reached skill level 5 in Dodging
  4868 | D:6      | Reached skill level 5 in Shields
  4868 | D:6      | Gained mutation: You passively map the area around you.
                  | [Deep Dwarf growth]
  4868 | D:6      | Reached XP level 9. HP: 73/76 MP: 9/9
  4943 | D:6      | Noticed Sigmund
  4981 | D:6      | Killed Sigmund
  4981 | D:6      | Reached skill level 7 in Axes
  5079 | D:6      | Found a white marble altar of Elyvilon.
  5255 | D:6      | Found a sparkling altar of Nemelex Xobeh.
  5367 | D:6      | Found a staircase to the Ecumenical Temple.
  5374 | Temple   | Entered the Ecumenical Temple
  5482 | Temple   | Became a worshipper of Makhleb the Destroyer
  5677 | D:6      | Got an ichor-stained broad axe
  5678 | D:6      | Identified the cursed +0 broad axe "Lixkes" {pain, +Fly
                  | rElec Int+5 Stlth-} (You found it on level 6 of the
                  | Dungeon)
  6031 | D:3      | Killed Jessica
  6057 | D:3      | Killed Terence
  6114 | D:3      | Paralysed by Grinder for 5 turns
  6122 | D:3      | Paralysed by Grinder for 3 turns
  6127 | D:3      | Killed Grinder
  6653 | D:7      | Reached skill level 8 in Axes
  6800 | D:7      | Found a shattered altar of Ashenzari.
  6985 | D:7      | Reached * piety under Makhleb
  7336 | D:8      | Reached XP level 10. HP: 48/85 MP: 9/9
  7371 | D:8      | Reached skill level 9 in Axes
  7516 | D:8      | Noticed a two-headed ogre
  7529 | D:8      | Killed a two-headed ogre
  7865 | D:8      | Found a stormy altar of Qazlal.
  8066 | D:8      | Noticed a two-headed ogre
  8080 | D:8      | Killed a two-headed ogre
  8080 | D:8      | Reached skill level 10 in Axes
  8123 | D:8      | Noticed Joseph
  8529 | D:9      | Reached ** piety under Makhleb
  8889 | D:10     | Entered Level 10 of the Dungeon
  8920 | D:10     | Reached skill level 11 in Axes
  9097 | D:10     | Reached skill level 1 in Evocations
  9234 | D:10     | Reached XP level 11. HP: 58/93 MP: 7/7
  9848 | D:10     | Noticed a fire giant
  9986 | D:11     | Found a transporter.
 10000 | D:11     | Found a transporter.
 10013 | D:11     | Noticed tardigrad's ghost (journeyman TrMo)
 10070 | D:11     | Found a portal to a secret trove of treasure.
 10228 | D:11     | Reached *** piety under Makhleb
 10228 | D:11     | Reached skill level 12 in Axes
 10678 | D:11     | Reached skill level 5 in Fighting
 10813 | D:11     | Found a staircase to the Lair.
 10952 | Lair:1   | Entered Level 1 of the Lair of Beasts
 11019 | Lair:1   | Noticed a seven-headed hydra
 11025 | Lair:1   | Noticed an oklob plant
 11067 | Lair:1   | Cast into level 2 of the Abyss (a distortion unwield)
 11076 | Lair:1   | Escaped the Abyss
 11294 | Lair:1   | Killed a seven-headed hydra
 11351 | Lair:1   | Reached skill level 13 in Axes
 11562 | Lair:1   | Reached **** piety under Makhleb
 11589 | Lair:1   | Noticed an eight-headed hydra
 11596 | Lair:1   | Killed an eight-headed hydra
 11841 | Lair:1   | Reached XP level 12. HP: 98/103 MP: 8/8
 12137 | Lair:2   | Reached skill level 5 in Evocations
 12176 | Lair:2   | Noticed a six-headed hydra
 12375 | Lair:1   | Reached skill level 10 in Shields
 12401 | Lair:2   | Found a hole to the Spider Nest.
 12466 | Lair:2   | Got a transparent tin ring
 12468 | Lair:2   | Identified the ring of the First Wars {rF+ Dex+8} (You
                  | found it on level 2 of the Lair of Beasts)
 12572 | Lair:2   | Reached ***** piety under Makhleb
 12634 | Lair:2   | Noticed a queen ant
 12682 | Lair:2   | Killed a queen ant
 12738 | Lair:2   | Reached skill level 14 in Axes
 12945 | Lair:2   | Killed a six-headed hydra
 13540 | Lair:3   | Noticed Gastronok
 13555 | Lair:3   | Killed Gastronok
 13569 | Lair:3   | Noticed a five-headed hydra
 13780 | D:12     | Reached skill level 15 in Axes
 13801 | D:12     | Found a gate leading to a gauntlet.
 13839 | Gauntlet | Entered a Gauntlet
 13839 | Gauntlet | Found a transporter.
 13849 | Gauntlet | Found a runed translucent door.
 13850 | Gauntlet | Found a transporter.
 13851 | Gauntlet | Found a transporter.
 13851 | Gauntlet | Noticed a blizzard demon
 13852 | Gauntlet | Found a transporter.
 13855 | Gauntlet | Found a transporter.
 13856 | Gauntlet | Found a transporter.
 13858 | Gauntlet | Noticed a hell hog
 13864 | Gauntlet | Found a transporter.
 13881 | Gauntlet | Noticed a death ooze
 13883 | Gauntlet | Found a transporter.
 13907 | Gauntlet | Found a transporter.
 13907 | Gauntlet | Noticed a great orb of eyes
 13933 | Gauntlet | Found a runed translucent door.
 14007 | Gauntlet | Got a scorched golden ring
 14048 | Gauntlet | Killed a great orb of eyes
 14056 | Gauntlet | Got a pair of spiked gloves
 14145 | Gauntlet | Noticed a minotaur
 14161 | Gauntlet | Killed a minotaur
 14161 | Gauntlet | Reached XP level 13. HP: 101/111 MP: 11/11
 14214 | D:12     | Found a flickering gateway to a bazaar.
 14219 | Bazaar   | Entered a bazaar
 14223 | Bazaar   | Found Mac Jeny's Assorted Antiques.
 14241 | Bazaar   | Found Girupuib's Armour Shoppe.
 14259 | Bazaar   | Found Suriun's Book Boutique.
 14276 | Bazaar   | Found Fotauc's Distillery.
 14304 | Bazaar   | Identified the ring of Division {+Fly Int+5} (You found it
                  | in a Gauntlet)
 14312 | Bazaar   | Identified the +2 pair of gloves of Noon {+Inv rPois Int-2
                  | Slay+2} (You found it in a Gauntlet)
 14327 | Bazaar   | Bought the +1 cloak of Misanthropy {Slay+2 SInv} for 378
                  | gold pieces
 14364 | Bazaar   | Bought a potion of might for 56 gold pieces
 14364 | Bazaar   | Bought a potion of curing for 42 gold pieces
 14364 | Bazaar   | Bought a potion of might for 56 gold pieces
 14364 | Bazaar   | Bought a potion of agility for 56 gold pieces
 14364 | Bazaar   | Bought a potion of heal wounds for 70 gold pieces
 14364 | Bazaar   | Bought a potion of ambrosia for 112 gold pieces
 14364 | Bazaar   | Bought a potion of mutation for 112 gold pieces
 14583 | D:12     | Gained mutation: You are frail. (-10% HP) [potion of
                  | mutation]
 14583 | D:12     | Gained mutation: You evolve. [potion of mutation]
 14770 | D:12     | Reached skill level 1 in Invocations
 14864 | D:12     | Reached ****** piety under Makhleb
 15170 | D:12     | Found a staircase to the Orcish Mines.
 15660 | Lair:3   | Reached skill level 16 in Axes
 16124 | Lair:4   | Found a runed translucent gate.
 16124 | Lair:4   | Found a runed translucent gate.
 16124 | Lair:4   | Found a runed translucent gate.
 16127 | Lair:4   | Noticed TrashTierHero's ghost (journeyman DsGl)
 16164 | Lair:4   | Noticed Nergalle
 16176 | Lair:4   | Killed Nergalle
 16217 | Lair:4   | Found a staircase to the Swamp.
 16657 | Lair:4   | You fall through a shaft for 2 floors!
 16657 | Lair:6   | Entered Level 6 of the Lair of Beasts
 16853 | Lair:5   | Reached skill level 17 in Axes
 17254 | Lair:5   | Gained mutation: You resist negative energy. (rN+) [Deep
                  | Dwarf growth]
 17254 | Lair:5   | Reached XP level 14. HP: 110/110 MP: 12/12
 17692 | Lair:6   | Found a staircase to the Slime Pits.
 17993 | Lair:6   | Reached skill level 5 in Invocations
 18197 | Lair:6   | Got a slimy ring mail
 18208 | Lair:6   | Identified the +1 ring mail "Inkynuic" {*Drain +Blink
                  | Dex+2} (You found it on level 6 of the Lair of Beasts)
 18418 | Lair:6   | Reached skill level 18 in Axes
 18440 | Lair:6   | Gained mutation: You rapidly evolve. [evolution]
 18759 | Orc:1    | Entered Level 1 of the Orcish Mines
 18776 | Orc:1    | Found Noshrusm's Antique Weapon Boutique.
 19159 | Orc:2    | Entered Level 2 of the Orcish Mines
 19297 | Orc:2    | Found a staircase to the Elven Halls.
 20127 | Orc:2    | Found Vuneor's Weapon Emporium.
 20127 | Orc:2    | Found Ickeuth's Food Emporium.
 20128 | Orc:2    | Found Dico's Assorted Antiques.
 20128 | Orc:2    | Found Ulid's Weapon Boutique.
 20140 | Orc:2    | Bought a scroll of identify for 62 gold pieces
 20481 | D:11     | Killed tardigrad's ghost
 20643 | Swamp:1  | Entered Level 1 of the Swamp
 20712 | Swamp:1  | Reached XP level 15. HP: 85/120 MP: 10/13
 21076 | Swamp:1  | Noticed a thorn hunter
 21101 | Swamp:1  | Killed a thorn hunter
 21799 | Swamp:1  | Gained mutation: You are partially covered in thin metallic
                  | scales. (AC +2) [evolution]
 22005 | Spider:1 | Entered Level 1 of the Spider Nest
 22027 | Spider:1 | Reached skill level 10 in Armour
 22209 | Spider:1 | Noticed Agnes
 22219 | Spider:1 | Killed Agnes
 22219 | Spider:1 | Reached skill level 19 in Axes
 22309 | Spider:1 | Noticed Josephine
 22383 | Spider:1 | Killed Josephine
 22822 | Spider:2 | Found a transporter.
 23196 | Spider:2 | Noticed a ghost moth
 23207 | Spider:2 | Killed a ghost moth
 23661 | Spider:2 | Found a transporter.
 24144 | Spider:3 | Reached XP level 16. HP: 131/131 MP: 12/15
 24291 | Spider:3 | Reached skill level 10 in Fighting
 24626 | Spider:4 | Entered Level 4 of the Spider Nest
 24807 | Spider:4 | Noticed Arachne
 24835 | Spider:4 | Killed Arachne
 25078 | Spider:4 | Noticed Louise
 25112 | Spider:4 | Killed Louise
 25149 | Spider:4 | Gained mutation: You are partially covered in rugged brown
                  | scales. (AC +1, +3% HP) [evolution]
 26306 | Spider:4 | Got a gossamer rune of Zot
 26799 | Swamp:2  | Reached skill level 15 in Shields
 27061 | Swamp:2  | Gained mutation: You are agile. (Dex +2) [evolution]
 27450 | Swamp:3  | Reached skill level 20 in Axes
 27450 | Swamp:3  | Reached XP level 17. HP: 146/146 MP: 16/16
 28213 | Swamp:4  | Entered Level 4 of the Swamp
 30033 | Swamp:4  | Got a decaying rune of Zot
 30284 | D:11     | Gained mutation: You are partially covered in iridescent
                  | scales. (AC +2) [evolution]
 30878 | D:13     | Found a gate to the Vaults.
 31174 | D:14     | You fall through a shaft!
 31174 | D:15     | Entered Level 15 of the Dungeon
 31439 | D:15     | Gained mutation: You passively map a large area around you.
                  | [Deep Dwarf growth]
 31439 | D:15     | Reached XP level 18. HP: 157/157 MP: 17/17
 31596 | D:15     | Found a staircase to the Depths.
 32172 | D:14     | Found Pycesu's Armour Boutique.
 33155 | Spider:2 | Got a translucent copper amulet
 33156 | Spider:2 | Identified the amulet "Ogai" {Gourm +Blink} (You found it
                  | on level 2 of the Spider Nest)
 33168 | Spider:2 | Got a smoking golden ring
 33169 | Spider:2 | Identified the cursed ring of the Duchess {rPois rN+ Str-2}
                  | (You found it on level 2 of the Spider Nest)
 33380 | Vaults:1 | Entered Level 1 of the Vaults
 33421 | Vaults:1 | Gained mutation: You have a pair of small horns on your
                  | head. [evolution]
 33789 | Vaults:1 | Noticed Asterion
 33805 | Vaults:1 | Killed Asterion
 34232 | Vaults:1 | Reached skill level 21 in Axes
 35483 | Vaults:2 | Found a staircase to the Crypt.
 36041 | Vaults:3 | Gained mutation: You have a beak for a mouth. [evolution]
 36052 | Vaults:3 | Reached XP level 19. HP: 165/165 MP: 18/18
 37619 | Vaults:4 | Reached skill level 10 in Invocations
 37856 | Vaults:4 | Found a radiant altar of Vehumet.
 37874 | Vaults:4 | Identified the +4 hat "Ufuur" {rF+ Stlth+} (You found it on
                  | level 4 of the Vaults)
 37876 | Vaults:4 | Identified the cursed +0 hat of Ijo Any {Regen+ MP-9 Str+2}
                  | (You found it on level 4 of the Vaults)
 38658 | Depths:1 | Entered Level 1 of the Depths
 38673 | Depths:1 | Noticed Sojobo
 38707 | Depths:1 | Killed Sojobo
 38875 | Depths:1 | Found a gateway to a ziggurat.
 38944 | Depths:1 | Found a gateway to Hell.
 38952 | Depths:1 | Reached skill level 22 in Axes
 39274 | Depths:1 | Reached XP level 20. HP: 129/178 MP: 18/21
 40333 | Lair:4   | Killed TrashTierHero's ghost
 40347 | Lair:4   | Identified the +7 war axe "Demonslayer" {distort, Dex+5}
                  | (You found it on level 4 of the Lair of Beasts)
 40753 | Depths:2 | Found Wosus's Food Shoppe.
 40753 | Depths:2 | Found Upparis's Antique Weapon Emporium.
 41251 | Depths:2 | Noticed an ancient lich
 41269 | Depths:2 | Killed an ancient lich
 41269 | Depths:2 | Reached skill level 15 in Fighting
 41347 | Depths:2 | Identified the Guide on Stolen Souls
 41538 | Depths:2 | Reached skill level 10 in Dodging
 41578 | Depths:2 | Killed from afar by a storm dragon

Skill      XL: |  1  2  3  4  5  6  7  8  9 10 11 12 13 14 15 16 17 18 19 20 |
---------------+-------------------------------------------------------------+-----
Fire Magic     | 3 |  3.2
Spellcasting   | 2 |  2.1
Armour         | 1 2 3 4 5 7 8 9 10 11 12 13 | 13.6
Maces & Flails | 1 |  1.1
Dodging        | 3 4 5 6 7 8 9 10 | 10.0
Axes           | 1 3 4 6 8 11 13 15 17 18 19 20 21 22 | 22.3
Fighting       | 1 2 3 4 5 6 7 8 9 11 12 13 14 15 | 15.2
Shields        | 1 2 5 7 8 9 11 12 13 15 16 17 18 | 18.9
Evocations     | 2 4 6 7 9 |  9.2
Invocations    | 4 7 8 11 | 11.2
Stealth        | |  2.4
Conjurations   | |  0.8

Action                   |  1- 3 |  4- 6 |  7- 9 | 10-12 | 13-15 | 16-18 | 19-21 || total
-------------------------+-------+-------+-------+-------+-------+-------+-------++-------
Melee: Club              |    76 |    16 |       |       |       |       |       ||    92
       Hand axe          |       |   191 |       |       |       |       |       ||   191
       Unarmed           |       |     2 |       |       |       |       |       ||     2
       Flail             |       |       |   286 |       |       |       |       ||   286
       Broad axe         |       |       |   240 |  1196 |  1347 |  1546 |   683 ||  5012
       Whip              |       |       |       |       |       |   160 |       ||   160
       Headbutt          |       |       |       |       |       |   115 |   244 ||   359
       Peck              |       |       |       |       |       |     1 |   206 ||   207
       Morningstar       |       |       |       |       |       |       |     5 ||     5
 Fire: Hunting sling     |     6 |       |       |       |       |       |       ||     6
 Cast: Flame Tongue      |    43 |    74 |    14 |       |       |       |       ||   131
Invok: Lesser Servant of |       |       |       |       |     3 |       |       ||     3
 Abil: Heal Wounds       |     1 |     6 |    16 |    15 |     1 |       |     4 ||    43
       Evoke Invisibilit |       |       |       |       |    10 |    13 |     6 ||    29
Evoke: Wand              |       |       |       |    26 |    29 |    31 |       ||    86
       Lamp of fire      |       |       |       |     2 |     2 |     1 |       ||     5
  Use: Scroll            |       |    10 |     3 |    17 |    16 |     8 |    10 ||    64
       Potion            |       |     3 |       |     7 |     3 |     2 |     3 ||    18
 Stab: Confused          |       |       |       |     5 |     3 |       |       ||     8
       Invisible         |       |       |       |     3 |    52 |    74 |    48 ||   177
       Held in net/web   |       |       |       |       |       |     3 |       ||     3
       Distracted        |       |       |       |       |       |     1 |     1 ||     2
  Eat: Chunk             |     2 |     6 |    10 |    13 |    22 |    13 |    13 ||    79
       Ration            |       |     1 |     3 |     3 |     4 |    10 |     2 ||    23
Armor: Ring mail         |    48 |    57 |       |       |     6 |       |       ||   111
       Robe              |     2 |       |       |       |       |       |       ||     2
       Scale mail        |       |    25 |   140 |       |       |       |       ||   165
       Skin              |       |    10 |     3 |       |       |       |       ||    13
       Chain mail        |       |       |   142 |   556 |   712 |   866 |   279 ||  2555
Dodge: Dodged            |    85 |   143 |   187 |   375 |   474 |   693 |   254 ||  2211
Block: Shield            |       |    10 |   235 |   691 |   813 |  1158 |   283 ||  3190
       Large shield      |       |       |       |       |       |       |   235 ||   235
